 Dungeon Crawl Stone Soup version 0.24.0-123-gd5b16e6ec5 (webtiles) character file.

Game seed: 1508420910050949165, levelgen mode: deterministic

567 FishyPogo the Grave Robber (level 7, -1/55 HPs)
             Began as a Mummy Necromancer on Dec 31, 2019.
             Was an Initiate of Sif Muna.
             Slain by a black bear (12 damage)
             ... on level 4 of the Dungeon.
             The game lasted 00:15:35 (3219 turns).

FishyPogo the Grave Robber (Mummy Necromancer)      Turns: 3219, Time: 00:15:37

Health: -1/55      AC:  3    Str: 11    XL:     7   Next: 11%
Magic:  0/12       EV: 12    Int: 16    God:    Sif Muna [......]
Gold:   140        SH:  0    Dex: 13    Spells: 3/12 levels left

rFire    x . .     SeeInvis .   n - +1 dagger (venom)
rCold    + . .     Gourm    .   (no shield)
rNeg     + + +     Faith    .   a - +0 robe
rPois    ∞         Spirit   .   (no helmet)
rElec    .         Reflect  .   p - +0 cloak
rCorr    .         Harm     .   (no gloves)
MR       .....                  (no boots)
Stlth    ++........             (no amulet)
HPRegen  0.18/turn              (no ring)
MPRegen  0.13/turn              (no ring)

@: no status effects
A: no food or potions, fire vulnerability, cold resistance 1, negative energy
resistance 3, torment resistance, unbreathing
a: Renounce Religion


You were on level 4 of the Dungeon.
You worshipped Sif Muna.
Sif Muna was noncommittal.
You were not hungry.

You visited 1 branch of the dungeon, and saw 4 of its levels.

You collected 140 gold pieces.

Inventory:

Hand Weapons
 i - a +0 club
 n - a +1 dagger of venom (weapon)
Missiles
 b - 121 stones (quivered)
 k - 2 throwing nets
 o - 15 poisoned darts
Armour
 a - a +0 robe (worn)
 p - a +0 cloak (worn)
Wands
 s - a wand of flame (16)
 u - a wand of scattershot (4)
Scrolls
 c - 8 scrolls of identify {unknown}
 d - 3 scrolls of teleportation {unknown}
 e - a scroll of amnesia {unknown}
 f - a scroll of enchant weapon {unknown}
 j - 2 scrolls of fog {unknown}
 l - a scroll of fear {unknown}
 q - a scroll of magic mapping {unknown}


   Skills:
 + Level 4.5 Fighting
 - Level 2.0 Dodging
 - Level 2.0 Stealth
 * Level 3.4 Spellcasting
 + Level 6.6 Necromancy


You had 3 spell levels left.
You knew the following spells:

 Your Spells              Type           Power        Failure   Level  Hunger
a - Pain                  Necr           ###.         1%          1    N/A
c - Vampiric Draining     Necr           ###.......   3%          3    N/A
u - Animate Dead          Necr           N/A          12%         4    N/A
y - Animate Skeleton      Necr           N/A          1%          1    N/A

Your spell library contained the following spells:

 Spells                   Type           Power        Failure   Level  Hunger
 Regeneration             Chrm/Necr      Unusable     N/A         3    N/A

Dungeon Overview and Level Annotations

Branches:
Dungeon (4/15)
 Temple: D:4-7

Altars:
Dithmenos
Elyvilon
Fedhas
Nemelex Xobeh
Qazlal
Sif Muna
Xom

Annotations:
D:4 exclusion: sky beast, Natasha


Innate Abilities, Weirdness & Mutations

You do not eat or drink.
Your flesh is vulnerable to fire.
You are immune to poison.
Your flesh is cold resistant. (rC+)
You are immune to negative energy. (rN+++)
You are immune to unholy pain and torment.
You can survive without breathing.


Message History

The black bear writhes in agony.
The black bear closely misses you. x2
The black bear barely misses you. The black bear bites you.
The black bear claws you.
* * * LOW HITPOINT WARNING * * *
The black bear claws you.
* * * LOW HITPOINT WARNING * * *
The black bear rages.
Casting: Pain (safe; 1% risk of failure)
Confirm with . or Enter, or press ? or * to list all spells.
Aiming: Pain (safe; 1% risk of failure)
Press: ? - help, Shift-Dir - straight line, f/p - black bear
Aim: a black bear (almost dead, berserk, fast, unusually strong, chance to defeat MR: 83%)
The black bear writhes in agony.
The black bear bites you but does no damage.
The black bear claws you.
* * * LOW HITPOINT WARNING * * *
The black bear completely misses you.
The crimson imp grinds its teeth.
The black bear bites you!
You die...

#............................#..
#............................#..
#............................#..
#..............5.<...........#..
#.......#####.......#....###.#..
#.......'...#######.............
#.......###.#### #<.....##.#...
#.......'......####.............
#.......#.#.#..@hh.5............
###.......#'#...5%.......##.....
#.......................%.....
###.........................#...
#........#..................#...
#........##'#...............#...
#..............####.....#####...
###........)...# ###...#...#...
#................ ...#._.#...


You could see a black bear (berserk), Natasha and 2 crimson imps.

Vanquished Creatures
  Sigmund (D:3)
  A slave (D:4)
  Blork the orc (D:4)
  2 hounds (D:4)
  Jessica (D:3)
  An iguana (D:2)
  An orc wizard (D:2)
  Ijyb (D:3)
  6 adders
  An ooze (D:1)
  An adder skeleton (D:4)
  2 worms (D:2)
  2 dart slugs (D:1)
  A leopard gecko (D:4)
  3 orcs
  3 giant cockroaches
  7 goblins
  4 hobgoblins
  3 jackals (D:4)
  4 kobolds (D:2)
  A quokka (D:2)
  5 bats
  2 frilled lizards
  10 rats
64 creatures vanquished.

Vanquished Creatures (collateral kills)
  Terence (D:2)
  Natasha (D:4)
  A bat (D:2)
3 creatures vanquished.

Grand Total: 67 creatures vanquished

Notes
Turn   | Place    | Note
-------+----------+-------------------------------------------
     0 | D:1      | FishyPogo the Mummy Necromancer began the quest for the
                  | Orb.
     0 | D:1      | Reached XP level 1. HP: 13/13 MP: 4/4
   251 | D:1      | Reached XP level 2. HP: 19/19 MP: 2/5
   259 | D:1      | Learned a level 1 spell: Animate Skeleton
   864 | D:2      | Reached XP level 3. HP: 24/24 MP: 2/7
   876 | D:2      | Found a blossoming altar of Fedhas.
   884 | D:2      | Learned a level 3 spell: Vampiric Draining
   953 | D:2      | Found a stormy altar of Qazlal.
   992 | D:2      | Reached skill level 1 in Fighting
  1063 | D:2      | Noticed Terence
  1074 | D:2      | Killed Terence
  1074 | D:2      | Reached XP level 4. HP: 32/33 MP: 2/8
  1134 | D:2      | Reached skill level 5 in Necromancy
  1141 | D:2      | Learned a level 4 spell: Animate Dead
  1203 | D:2      | Found a white marble altar of Elyvilon.
  1468 | D:2      | Reached XP level 5. HP: 21/39 MP: 3/9
  1816 | D:3      | Noticed Jessica
  1841 | D:4      | Noticed Natasha
  1841 | D:4      | Noticed a black bear
  2022 | D:3      | Killed Jessica
  2082 | D:3      | Found a shimmering altar of Xom.
  2094 | D:3      | Noticed Ijyb
  2104 | D:3      | Killed Ijyb
  2131 | D:3      | Found a shadowy altar of Dithmenos.
  2291 | D:3      | Noticed Sigmund
  2317 | D:3      | Killed Sigmund
  2317 | D:3      | Reached skill level 6 in Necromancy
  2317 | D:3      | Reached XP level 6. HP: 28/48 MP: 4/10
  2511 | D:4      | Found a sparkling altar of Nemelex Xobeh.
  2548 | D:4      | Noticed a sky beast
  2635 | D:4      | Noticed a slave
  2635 | D:4      | Noticed a slave
  2670 | D:4      | Killed a slave
  2850 | D:4      | Noticed Blork the orc
  2859 | D:4      | Killed Blork the orc
  2864 | D:4      | Found a shimmering blue altar of Sif Muna.
  3011 | D:4      | Became a worshipper of Sif Muna the Loreminder
  3088 | D:4      | Reached XP level 7. HP: 55/55 MP: 3/11
  3101 | D:4      | Killed Natasha
  3193 | D:4      | Noticed Natasha
  3219 | D:4      | Slain by a black bear

Levels and vault maps discovered:
D:1:      elethiomel_arrival_quiet, layout_basic
D:2:      layout_loops_ring, fedhas_altar_2, elyvilon_altar_1,
          nicolae_qazlal_general_emergency, uniq_terence
D:3:      layout_loops_ring, lemuel_doored_altar, lemuel_crystal_altar,
          uniq_sigmund, uniq_jessica, uniq_ijyb
D:4:      layout_basic, marbit_many_paths, nemelex_altar_shiori, tgw_sif,
          uniq_natasha, uniq_pikel

Skill      XL: |  1  2  3  4  5 |
---------------+----------------+-----
Spellcasting   | 3 |  3.4
Stealth        | 2 |  2.0
Dodging        | 2 |  2.0
Fighting       | 1 2 4 |  4.5
Necromancy     | 5 6 |  6.6

Action                   |  1- 3 |  4- 6 |  7- 9 || total
-------------------------+-------+-------+-------++-------
Melee: Unarmed           |     7 |       |       ||     7
       Club              |     9 |       |       ||     9
       Dagger            |     2 |    68 |    10 ||    80
 Cast: Pain              |    43 |    73 |    10 ||   126
       Animate Skeleton  |     4 |     9 |     1 ||    14
       Vampiric Draining |     1 |     5 |     3 ||     9
       Animate Dead      |       |     1 |       ||     1
 Stab: Sleeping          |     2 |     1 |       ||     3
Armor: Robe              |     4 |    15 |     3 ||    22
Dodge: Dodged            |    17 |    59 |    15 ||    91
